 Dungeon Crawl Stone Soup version 0.30-a0-585-g93115170b9 (webtiles) character file.

Game seed: 17948608203165136602

168532 Charly the Warrior (level 18, -1/141 HPs)
             Began as a Djinni Ice Elementalist on Jan 2, 2023.
             Was the Champion of Makhleb.
             Slain by a golden dragon simulacrum (9 damage)
             ... in an ice cave.
             The game lasted 02:07:40 (31939 turns).

Charly the Warrior (Djinni Ice Elementalist)       Turns: 31939, Time: 02:07:41

Health: -1/141     AC: 18    Str:  6      XL:     18   Next: 58%
Gold:   244        EV:  8    Int: 29 (30) God:    Makhleb [******] SH: 10 Dex: 17

rFire   + + .      SeeInvis +    h - +4 trident of the Fortifying Viper {heavy, rF+}
rCold   + + +      Faith    .    Y - +3 warlock's mirror {reflect}
rNeg    + + +      Spirit   .    N - +0 ice dragon scales
rPois   ∞          Reflect  +    s - +2 helmet
rElec   +          Harm     .    q - scarf {rC+ rF+}
rCorr   .          Rampage  .    R - +2 pair of gloves {Str+3}
Will    +....                    (boots unavailable)
Stlth   +                        b - macabre finger necklace {rN+}
HPRegen 0.43/turn                T - ring "Doloob" {Wiz rElec Int+2}
MPRegen 0.00/turn                c - ring of ice
                                 n - ring "Yneil" {Drain rN++ Str-4 Int+6 SInv}

@: flying
A: sickness immunity, fire resistance 2, cold vulnerability 1, float, innate
caster, HP casting, extra vitality 1
a: Renounce Religion, Minor Destruction, Lesser Servant of Makhleb, Major
Destruction, Greater Servant of Makhleb


You were in an ice cave.
You worshipped Makhleb.
Makhleb was exalted by your worship.
You visited 4 branches of the dungeon, and saw 26 of its levels.
You visited the Abyss 1 time.
You also visited: Bailey, Gauntlet, Ice Cave and Volcano.

You collected 3931 gold pieces.
You spent 3687 gold pieces at shops.

Inventory:

Hand Weapons
 h - the +4 trident of the Fortifying Viper (weapon) {heavy, rF+}
   (You took it off a spriggan on level 11 of the Dungeon)

   It deals dramatically more damage, but attacks with it are much slower.
   rF:        It protects you from fire.
Missiles
 F - 11 curare-tipped darts
 M - 3 throwing nets
Armour
 q - a scarf of resistance (worn)
 s - a +2 helmet (worn)
 G - +5 acid dragon scales
 N - +0 ice dragon scales (worn)
 R - a +2 pair of gloves of strength (worn)
 Y - the +3 warlock's mirror (worn) {reflect}
   (You found it on level 10 of the Dungeon)

   It can block and reflect piercing ranged attacks and magical attacks against
   the wielder's willpower.
Magical Staves
 z - a staff of fire
 J - a staff of conjuration
Jewellery
 b - the macabre finger necklace (around neck) {rN+}
   (You bought it in a shop on level 1 of the Orcish Mines)

   [amulet of nothing]

   It enables you to equip an extra ring.
   rN:        It protects you from negative energy.
 c - a ring of ice (right hand)
 f - the ring of Sigo Wue {Fire rPois Str+3 Dex+2}
   (You found it on level 1 of the Snake Pit)

   [ring of fire]

   It enhances your fire magic.
   Str:       It affects your strength (+3).
   Dex:       It affects your dexterity (+2).
   rF:        It protects you from fire.
   rC:        It makes you vulnerable to cold.
   rPois:     It protects you from poison.
 m - the ring of Xaforchi {Will+ MP+9 Dex+3}
   (You found it in a Gauntlet)

   [ring of magical power]

   Dex:       It affects your dexterity (+3).
   MP:        It affects your magic capacity (+9).
   Will:      It increases your willpower.
 n - the ring "Yneil" (on amulet) {Drain rN++ Str-4 Int+6 SInv}
   (You bought it in a shop on level 1 of the Orcish Mines)

   [ring of intelligence]

   Str:       It affects your strength (-4).
   Int:       It affects your intelligence (+6).
   rN:        It greatly protects you from negative energy.
   SInv:      It lets you see invisible.
   Drain:     It drains your maximum health when unequipped.
 P - a +6 ring of intelligence
 T - the ring "Doloob" (left hand) {Wiz rElec Int+2}
   (You bought it in a shop on level 1 of the Snake Pit)

   [ring of wizardry]

   It improves your spell success rate.
   Int:       It affects your intelligence (+2).
   rElec:     It insulates you from electricity.
Wands
 o - a wand of flame (18)
 t - a wand of paralysis (1)
 u - a wand of polymorph (6)
 Q - a wand of digging (7)
 S - a wand of mindburst (8)
 Z - a wand of iceblast (6)
Scrolls
 g - 2 scrolls of enchant weapon
 j - 2 scrolls of silence
 l - 5 scrolls of immolation
 v - 10 scrolls of blinking
 x - 13 scrolls of teleportation
 y - 4 scrolls of magic mapping
 B - a scroll of butterflies
 E - a scroll of poison
 H - 2 scrolls of vulnerability
 I - 4 scrolls of fear
 O - 9 scrolls of identify
 X - 3 scrolls of fog
Potions
 a - 3 potions of lignification
 d - 5 potions of haste
 e - 5 potions of brilliance
 i - 5 potions of heal wounds
 k - 16 potions of curing
 p - 2 potions of mutation
 w - 4 potions of ambrosia
 A - 3 potions of attraction
 D - 5 potions of cancellation
 U - 8 potions of might
 W - 2 potions of invisibility
Miscellaneous
 r - a lightning rod (3/4)
 K - a condenser vane (inert)
 L - a phantom mirror (inert)
 V - a tin of tremorstones (inert)


   Skills:
 + Level 16.4 Fighting
 - Level 2.0 Short Blades
 - Level 7.0 Armour
 - Level 7.0 Dodging
 - Level 5.0 Stealth
 + Level 9.3 Shields
 * Level 15.8 Spellcasting
 - Level 5.0 Invocations
 - Level 12.5 Evocations


You had 5 spell levels left.
You knew the following spells:

 Your Spells              Type           Power      Damage    Failure   Level
a - Ozocubu's Armour      Ice            100%       N/A       1%          3
b - Beastly Appendage     Tmut           100%       N/A       1%          1
c - Freeze                Ice            100%       1d10      1%          1
d - Summon Ice Beast      Ice/Summ       100%       N/A       1%          4
e - Animate Armour        Summ/Erth      100%       N/A       1%          4
f - Call Imp              Summ           86%        N/A       1%          2
g - Passage of Golubria   Tloc           86%        N/A       1%          4
h - Mephitic Cloud        Conj/Pois/Air  86%        N/A       1%          3
i - Blade Hands           Tmut           43%        N/A       1%          5
v - Frozen Ramparts       Ice            100%       1d16      1%          3
x - Eringya's Noxious Bo  Tmut/Pois      43%        N/A       4%          6
z - Ozocubu's Refrigerat  Ice            53%        4d19      24%         7
Your spell library was empty.

Dungeon Overview and Level Annotations

Branches:
Dungeon (15/15)            Temple (0/1) D:4            Lair (5/5) D:11
 Shoals (0/4) Lair:2        Snake (4/4) Lair:2          Orc (2/2) D:12
    Elf (0/3) Orc:2        Vaults (0/5) D:13         Depths (0/4) D:15
 Bailey (visited)           IceCv (1/1)             Volcano (visited)
Gauntlet (visited)
  Slime: Lair:4-5

Altars:
Makhleb
Ru
Wu Jian
Zin
Jiyva

Shops:
D:1 :   D:11 ?   Orc:1 [*?:=   Orc:2 **((   Snake:1 ==::   Snake:2 [

Annotations:
Lair:5 exclusion: 2 oklob plants


Innate Abilities, Weirdness & Mutations

You are immune to sickness and miasma.
You are immune to poison.
Your flesh is very heat resistant. (rF++)
You are vulnerable to cold. (rC-)
You float through the air rather than walking.
You learn spells naturally, not from books.
Your magical power is your life essence.
You have superior vitality. (+4 MHP)


Message History

The golden dragon simulacrum is no longer paralysed.
The golden dragon simulacrum bites you!
The golden dragon simulacrum freezes you!
You resist. The golden dragon simulacrum claws you.
The golden dragon simulacrum freezes you.
You resist.
The golden dragon simulacrum tramples you.
You hold your ground!
The golden dragon simulacrum bites you but does no damage.
The golden dragon simulacrum claws you but does no damage.
The golden dragon simulacrum tramples you!
* * * LOW HITPOINT WARNING * * *
You hold your ground!
An ice dragon simulacrum comes into view.
Aiming: Throw Flame
Press: ? - help, Shift-Dir - straight line The puff of flame hits the golden dragon simulacrum!
The golden dragon simulacrum melts!
The golden dragon simulacrum is almost destroyed.
The golden dragon simulacrum bites you but does no damage.
The golden dragon simulacrum claws you.
* * * LOW HITPOINT WARNING * * *
The golden dragon simulacrum freezes you.
You resist.
* * * LOW HITPOINT WARNING * * *
You block the golden dragon simulacrum's attack.
Aiming: Throw Flame
Press: ? - help, Shift-Dir - straight line The puff of flame hits the golden dragon simulacrum but does no damage.
The golden dragon simulacrum is almost destroyed.
The golden dragon simulacrum bites you!
* * * LOW HITPOINT WARNING * * *
The golden dragon simulacrum freezes you.
You resist.
* * * LOW HITPOINT WARNING * * *
The golden dragon simulacrum claws you.
* * * LOW HITPOINT WARNING * * *
The golden dragon simulacrum freezes you!
You resist.
You die...

##.)# ##..## #..##
####..####
##.#....#.##
###..........##
##.............##
.#.............Z##
.)...°....Z.....@#
#..Z.............#
##..............##
###...........##
###........##
###....### #..###
..##


You could see an ice dragon simulacrum and a golden dragon simulacrum.

Vanquished Creatures
  A storm dragon (D:14)
  A fire giant (D:14)
  A nagaraja (Snake:3)
  Aizul (Snake:2)
  Nessos (D:15)
  A minotaur (Gauntlet)
  A dire elephant (shapeshifter) (Gauntlet)
  Azrael (D:13)
  A white draconian (IceCv)
  An entropy weaver (shapeshifter) (D:13)
  Fannar (D:11)
  5 vault guards (D:13)
  9 centaur warriors
  An ice dragon (Snake:4)
  A hydra (D:13)
  2 ogre magi (Orc:2)
  8 anacondas
  A death yak (Lair:5)
  2 boulder beetles
  A two-headed ogre (shapeshifter) (Gauntlet)
  A deep troll shaman (Lair:5)
  4 tengu warriors
  7 naga warriors
  9 two-headed ogres
  7 shock serpents
  3 naga sharpshooters
  A shock serpent (shapeshifter) (D:14)
  A sun demon (Volcano)
  3 salamander mystics
  2 fire crabs (Lair:3)
  Lodul (D:10)
  3 skeletal warriors
  2 orange crystal statues
  7 wizards
  2 deep trolls (Orc:2)
  A naga ritualist (Snake:3)
  A bunyip skeleton (Abyss:3)
  2 deep elf pyromancers
  A necromancer (D:15)
  4 mana vipers
  10 cyclopes
  10 ugly things
  15 salamanders
  4 orc sorcerers
  3 manticores
  A merfolk siren (Lair:2)
  An ice statue (Snake:4)
  15 naga magi
  7 guardian serpents
  6 elephants
  24 black mambas
  5 cane toads
  2 gargoyles
  Maggie (Lair:1)
  2 efreet (D:14)
  3 unseen horrors
  2 kobold demonologists (D:11)
  A rime drake (Lair:2)
  4 komodo dragons
  2 golden dragon simulacra (IceCv)
  A tengu conjurer (D:14)
  A red devil (Volcano)
  11 trolls
  10 polar bears
  8 blink frogs
  2 dream sheep (Lair:5)
  4 raiju
  5 slime creatures
  2 shadows
  4 wyverns
  2 spriggans (D:11)
  22 yaks
  A wraith (D:13)
  5 fire elementals
  5 basilisks
  2 vampire mosquitoes
  A harpy simulacrum (Lair:2)
  11 water moccasins
  2 wargs
  21 nagas
  9 hell hounds
  14 orc warriors
  3 sky beasts
  11 black bears
  24 ogres
  11 wolves
  16 centaurs
  2 phantoms
  9 kobold brigands
  A gnoll sergeant (D:8)
  8 bullfrogs
  2 scorpions (D:5)
  A necrophage (D:4)
  A two-headed ogre simulacrum (Lair:2)
  3 wights (D:6)
  An elephant simulacrum (Lair:2)
  6 killer bees (D:9)
  3 lindwurm simulacra (IceCv)
  An electric eel (Lair:1)
  3 howler monkeys
  A wyvern simulacrum (D:5)
  3 jellies
  5 hounds
  11 orc priests
  3 iron imps (D:3)
  Ijyb (D:4)
  A gnoll bouda (D:5)
  5 iguanas
  A troll simulacrum (Lair:2)
  An iguana (shapeshifter) (Gauntlet)
  2 lightning spires (Gauntlet)
  22 orc wizards
  2 centaur simulacra
  A scorpion simulacrum (D:5)
  10 gnolls
  5 adders
  A shadow imp (D:6)
  2 white imps
  A worm (D:4)
  A dart slug (D:2)
  64 orcs
  12 ball pythons
  6 endoplasms
  A giant cockroach (D:2)
  11 goblins
  7 hobgoblins
  3 jackals (D:1)
  23 kobolds
  7 quokkas
  2 bats
  2 frilled lizards
  8 rats
695 creatures vanquished.

Vanquished Creatures (collateral kills)
  A tentacled starspawn (Abyss:3)
  Gastronok (D:9)
  A sphinx (D:14)
  The ghost of Verendum the Martial Artist, a journeyman OpTm of Ashenzari (D:11)
  2 white draconians (IceCv)
  A green death (Abyss:3)
  An ettin (D:15)
  3 vault guards (D:13)
  3 hydras
  An ogre mage (D:14)
  2 two-headed ogres
  A centaur warrior (D:14)
  A catoblepas (Lair:5)
  A tengu warrior (D:14)
  4 death yaks
  2 skeletal warriors
  A fire crab (shapeshifter) (Gauntlet)
  2 deep trolls (D:15)
  A bog body (Lair:2)
  A lindwurm (Lair:5)
  A wizard (D:10)
  5 ugly things
  4 cyclopes
  Maurice (Orc:2)
  2 large abominations (Abyss:3)
  A cyclops (shapeshifter) (D:14)
  10 elephants
  A torpor snail (Lair:3)
  2 black mambas
  A gargoyle (D:12)
  4 cane toads
  2 storm dragon simulacra (IceCv)
  A smoke demon (Abyss:3)
  6 komodo dragons
  The ghost of rigao the Cudgeller, a novice GrGl (D:5)
  A golden dragon simulacrum (IceCv)
  A rime drake (Lair:5)
  2 ice devils (Lair:2)
  2 trolls
  A polar bear (Lair:5)
  3 blink frogs
  4 dream sheep (Lair:5)
  A shadow (D:11)
  A wyvern (Lair:4)
  12 yaks
  3 slime creatures
  A fire elemental (D:13)
  2 neqoxecs (Abyss:3)
  A basilisk (Lair:5)
  2 vampire mosquitoes (D:10)
  6 water moccasins
  An orc warrior (D:10)
  7 ogres
  A centaur (D:12)
  2 wolves
  A bullfrog (Lair:4)
  A two-headed ogre simulacrum (Lair:2)
  An entropy weaver simulacrum (Lair:2)
  3 wights (D:10)
  2 lindwurm simulacra (IceCv)
  A troll simulacrum (Lair:2)
  A wolf simulacrum (Lair:2)
  A centaur simulacrum (D:5)
  A scorpion simulacrum (D:5)
  A gnoll (shapeshifter) (D:14)
  3 white imps
  2 orcs
145 creatures vanquished.

Vanquished Creatures (others)
  3 wizards (D:10)
  A centaur simulacrum (D:14)
  8 fungi
  A lurking horror (Abyss:3)
  27 plants
40 creatures vanquished.

Grand Total: 880 creatures vanquished

Notes
Turn   | Place    | Note
-------+----------+-------------------------------------------
     0 | D:1      | Charly the Djinni Ice Elementalist began the quest for the
                  | Orb.
     0 | D:1      | Charly set off with the following spells memorised: Freeze,
                  | Frozen Ramparts, Ozocubu's Armour, Summon Ice Beast.
     0 | D:1      | Reached XP level 1. HP: 15/15 MP: 0/0
   238 | D:1      | Found Dasuovui's Book Shop.
   319 | D:1      | Reached XP level 2. HP: 18/22 MP: 0/0
   430 | D:1      | Reached skill level 1 in Fighting
  1191 | D:2      | Reached XP level 3. HP: 27/27 MP: 0/0
  1191 | D:2      | Learned a level 1 spell: Beastly Appendage
  1458 | D:2      | Reached skill level 2 in Fighting
  1523 | D:2      | Reached XP level 4. HP: 26/33 MP: 0/0
  1562 | D:2      | Identified the +2 robe "Bepumpac" {rElec Str-4 Dex-4 SInv}
  1968 | D:2      | Reached XP level 5. HP: 38/39 MP: 0/0
  1968 | D:2      | Learned a level 2 spell: Call Imp
  2389 | D:3      | Found a burning altar of Makhleb.
  2753 | D:3      | Reached skill level 3 in Fighting
  2753 | D:3      | Reached skill level 1 in Shields
  2753 | D:3      | Reached skill level 1 in Evocations
  2753 | D:3      | Reached XP level 6. HP: 41/46 MP: 0/0
  2757 | D:3      | Became a worshipper of Makhleb the Destroyer
  3127 | D:4      | Noticed Ijyb
  3139 | D:4      | Killed Ijyb
  3269 | D:4      | Reached XP level 7. HP: 43/50 MP: 0/0
  3269 | D:4      | Learned a level 3 spell: Mephitic Cloud
  3398 | D:4      | Reached skill level 5 in Spellcasting
  3559 | D:4      | Found a staircase to the Ecumenical Temple.
  3637 | D:4      | Reached * piety under Makhleb
  3880 | D:4      | Found a glowing silver altar of Zin.
  4074 | D:5      | Entered Level 5 of the Dungeon
  4131 | D:5      | Found a runed translucent gate.
  4131 | D:5      | Found a runed translucent gate.
  4131 | D:5      | Found a runed translucent gate.
  4240 | D:5      | Noticed a water moccasin
  4247 | D:5      | Killed a water moccasin
  4248 | D:5      | Reached skill level 4 in Fighting
  4248 | D:5      | Reached XP level 8. HP: 47/58 MP: 0/0
  4415 | D:5      | Noticed rigao's ghost (novice GrGl)
  4734 | D:5      | Reached ** piety under Makhleb
  5059 | D:6      | Reached skill level 1 in Invocations
  5063 | D:6      | Reached skill level 5 in Fighting
  5064 | D:6      | Reached XP level 9. HP: 63/65 MP: 0/0
  5064 | D:6      | Learned a level 4 spell: Animate Armour
  5503 | D:7      | Found a sacrificial altar of Ru.
  5606 | D:7      | Found a flagged portal.
  5651 | Bailey   | Entered a bailey
  5865 | Bailey   | Reached skill level 5 in Evocations
  5976 | Bailey   | Found a burning altar of Makhleb.
  6258 | D:7      | Reached *** piety under Makhleb
  6479 | D:7      | Found an ornate altar of the Wu Jian Council.
  6720 | D:8      | Reached skill level 6 in Fighting
  6770 | D:8      | Reached XP level 10. HP: 54/72 MP: 0/0
  7560 | D:9      | Noticed Gastronok
  8042 | D:9      | Reached **** piety under Makhleb
  8094 | D:9      | Noticed a two-headed ogre
  8114 | D:9      | Killed a two-headed ogre
  8143 | D:10     | Entered Level 10 of the Dungeon
  8329 | D:10     | Noticed a wizard
  8375 | D:10     | Reached skill level 7 in Fighting
  8546 | D:10     | Reached XP level 11. HP: 47/79 MP: 0/0
  8546 | D:10     | Learned a level 4 spell: Passage of Golubria
  8551 | D:10     | Reached skill level 5 in Invocations
  8660 | D:10     | Noticed Lodul
  8810 | D:11     | Reached skill level 1 in Short Blades
  8890 | D:11     | Found a runed translucent door.
  8893 | D:11     | Noticed Verendum's ghost (journeyman OpTm)
  8901 | D:11     | Identified the +4 trident of the Fortifying Viper {heavy,
                  | rF+}
  8942 | D:11     | Noticed a red ugly thing
  8956 | D:11     | Killed a red ugly thing
  8971 | D:11     | Noticed a two-headed ogre
  8987 | D:11     | Killed a two-headed ogre
  9135 | D:11     | Found Totar's Magic Scroll Boutique.
  9143 | D:11     | Bought a scroll of blinking for 112 gold pieces
  9143 | D:11     | Bought a scroll of identify for 30 gold pieces
  9143 | D:11     | Bought a scroll of fear for 60 gold pieces
  9143 | D:11     | Bought a scroll of teleportation for 45 gold pieces
  9143 | D:11     | Bought a scroll of enchant armour for 112 gold pieces
  9215 | D:11     | Noticed a cyclops
  9303 | D:11     | Killed a cyclops
  9305 | D:11     | Identified the +3 robe "Uzaemiol" {-Tele Fly MP+9 Str+4}
  9479 | D:11     | Noticed Fannar
  9502 | D:11     | Killed Fannar
  9658 | D:11     | Found a staircase to the Lair.
  9798 | Lair:1   | Entered Level 1 of the Lair of Beasts
  9813 | Lair:1   | Reached skill level 8 in Fighting
  9888 | Lair:1   | Reached XP level 12. HP: 86/86 MP: 0/0
  9908 | Lair:1   | Reached skill level 5 in Shields
  9921 | Lair:1   | Reached skill level 5 in Stealth
  9987 | Lair:1   | Found a dark tunnel.
 10000 | Volcano  | Entered a volcano
 10037 | Volcano  | Noticed a sun demon
 10042 | Volcano  | Killed a sun demon
 10043 | Volcano  | Reached skill level 10 in Spellcasting
 10633 | Lair:1   | Noticed Maggie
 10646 | Lair:1   | Killed Maggie
 10925 | Lair:1   | Reached skill level 9 in Fighting
 11118 | Lair:2   | Found a staircase to the Snake Pit.
 11697 | Lair:2   | Found a staircase to the Shoals.
 12267 | Lair:2   | Reached XP level 13. HP: 82/94 MP: 0/0
 12267 | Lair:2   | Learned a level 5 spell: Blade Hands
 13000 | Lair:3   | Found a transporter.
 13003 | Lair:3   | Found the +3 pair of seven-league boots {Rampage+∞}
 13034 | Lair:3   | Reached skill level 10 in Fighting
 13034 | Lair:3   | Reached skill level 1 in Armour
 13058 | Lair:3   | Found a transporter.
 13108 | Lair:3   | Identified the +10 arbalest "Ykariun" {penet, Contam Fly
                  | rCorr Int+4}
 13966 | Lair:4   | Found a gate leading to a gauntlet.
 13975 | Gauntlet | Entered a Gauntlet
 13975 | Gauntlet | Found a transporter.
 13975 | Gauntlet | Found a transporter.
 14004 | Gauntlet | Found a transporter.
 14007 | Gauntlet | Found a transporter.
 14009 | Gauntlet | Found a transporter.
 14017 | Gauntlet | Found a transporter.
 14017 | Gauntlet | Noticed an ice dragon
 14019 | Gauntlet | an ice dragon changed into a fire dragon
 14019 | Gauntlet | Noticed a fire dragon (glowing shapeshifter)
 14020 | Gauntlet | a fire dragon changed into a jorogumo
 14020 | Gauntlet | Noticed a jorogumo (glowing shapeshifter)
 14026 | Gauntlet | a jorogumo changed into a radroach
 14026 | Gauntlet | Noticed a radroach (glowing shapeshifter)
 14033 | Gauntlet | Found a transporter.
 14043 | Gauntlet | Found a transporter.
 14057 | Gauntlet | Found a transporter.
 14065 | Gauntlet | Found a transporter.
 14083 | Gauntlet | Found a transporter.
 14132 | Gauntlet | Noticed a frost giant
 14135 | Gauntlet | Found a transporter.
 14146 | Gauntlet | Noticed a fire giant
 14147 | Gauntlet | a fire giant changed into an iron troll
 14148 | Gauntlet | an iron troll changed into a sphinx
 14148 | Gauntlet | Noticed a sphinx (glowing shapeshifter)
 14149 | Gauntlet | a sphinx changed into a frost giant
 14149 | Gauntlet | Noticed a frost giant (glowing shapeshifter)
 14152 | Gauntlet | a frost giant changed into an emperor scorpion
 14152 | Gauntlet | Noticed an emperor scorpion (glowing shapeshifter)
 14155 | Gauntlet | an emperor scorpion changed into a catoblepas
 14155 | Gauntlet | Noticed a catoblepas (glowing shapeshifter)
 14156 | Gauntlet | a catoblepas changed into a dire elephant
 14156 | Gauntlet | Noticed a dire elephant (glowing shapeshifter)
 14156 | Gauntlet | a satyr changed into a broodmother
 14156 | Gauntlet | Noticed a broodmother (shapeshifter)
 14162 | Gauntlet | a dire elephant changed into a minotaur
 14162 | Gauntlet | Noticed a minotaur (glowing shapeshifter)
 14163 | Gauntlet | a broodmother changed into an alligator
 14166 | Gauntlet | a minotaur changed into a quicksilver ooze
 14166 | Gauntlet | Noticed a quicksilver ooze (glowing shapeshifter)
 14168 | Gauntlet | a quicksilver ooze changed into an alligator
 14545 | Gauntlet | Noticed a dire elephant
 14546 | Gauntlet | Identified the ring of Xaforchi {Will+ MP+9 Dex+3}
 14551 | Gauntlet | Noticed a bunyip
 14559 | Gauntlet | a bunyip changed into a great orb of eyes
 14559 | Gauntlet | Noticed a great orb of eyes (glowing shapeshifter)
 14560 | Gauntlet | a great orb of eyes changed into a radroach
 14560 | Gauntlet | Noticed a radroach (glowing shapeshifter)
 14573 | Gauntlet | a radroach changed into a slime creature
 14604 | Gauntlet | Killed a dire elephant
 14680 | Gauntlet | Noticed a minotaur
 14715 | Gauntlet | Killed a minotaur
 14779 | Gauntlet | Identified the +0 leather armour "Midu" {Contam Str+5 Int+3
                  | SInv}
 15073 | Lair:4   | Reached XP level 14. HP: 100/103 MP: 0/0
 15078 | Lair:4   | Reached skill level 10 in Evocations
 15147 | Lair:4   | Identified the +1 robe of the Trees {rN+ Int+3}
 15352 | Lair:4   | Reached skill level 11 in Fighting
 15535 | Lair:5   | Entered Level 5 of the Lair of Beasts
 15661 | Lair:5   | Reached ***** piety under Makhleb
 15884 | Lair:5   | Reached skill level 5 in Dodging
 16457 | Lair:5   | Reached skill level 12 in Fighting
 16548 | Lair:5   | Identified the +7 flail of Vesheq {flame, Str+3}
 16592 | Lair:5   | Reached skill level 5 in Armour
 17060 | Lair:5   | Found a viscous altar of Jiyva.
 17147 | Lair:5   | Reached XP level 15. HP: 94/113 MP: 0/0
 17147 | Lair:5   | Learned a level 6 spell: Eringya's Noxious Bog
 17717 | D:5      | Killed rigao's ghost
 18161 | D:9      | Killed Gastronok
 18266 | Abyss:3  | Cast into level 3 of the Abyss (a wizard)
 18267 | Abyss:3  | Found a corrupted altar of Lugonu.
 18293 | Abyss:3  | Found a corrupted altar of Lugonu.
 18306 | Abyss:3  | Noticed a daeva
 18312 | Abyss:3  | Found a corrupted altar of Lugonu.
 18313 | Abyss:3  | Noticed a balrug
 18353 | Abyss:3  | Noticed an Executioner
 18404 | Abyss:3  | Noticed a tentacled starspawn
 18412 | Abyss:3  | Killed a tentacled starspawn
 18797 | D:10     | Escaped the Abyss
 19734 | D:10     | Found the +3 warlock's mirror {reflect}
 19821 | D:10     | Killed Lodul
 19822 | D:10     | Reached skill level 13 in Fighting
 19893 | D:11     | Killed Verendum's ghost
 20815 | D:12     | Found a staircase to the Orcish Mines.
 22063 | D:13     | Reached XP level 16. HP: 100/121 MP: 0/0
 22066 | D:13     | Found a gate to the Vaults.
 22214 | D:13     | Noticed Azrael
 22226 | D:13     | Killed Azrael
 23829 | D:14     | Reached ****** piety under Makhleb
 23830 | D:14     | Reached skill level 14 in Fighting
 24027 | D:14     | Noticed a fire giant
 24032 | D:14     | Killed a fire giant
 24059 | D:14     | Noticed a storm dragon
 24059 | D:14     | Noticed a sphinx
 24594 | D:14     | Identified the +2 great mace of Integrity {freeze, *Noise
                  | Str+5}
 24606 | D:14     | Killed a storm dragon
 24720 | D:14     | Killed a sphinx
 24787 | D:14     | Identified the +10 glaive of the Pure Defenders {freeze,
                  | Will- rCorr Int+4}
 24787 | D:14     | Identified the +3 longbow "Ehurphilo" {speed, Int+3}
 25066 | D:15     | Entered Level 15 of the Dungeon
 25342 | D:15     | Found a staircase to the Depths.
 25353 | D:15     | Noticed Nessos
 25364 | D:15     | Killed Nessos
 25365 | D:15     | Reached XP level 17. HP: 118/130 MP: 0/0
 25365 | D:15     | Learned a level 7 spell: Ozocubu's Refrigeration
 25833 | Orc:1    | Entered Level 1 of the Orcish Mines
 25941 | Orc:1    | Found Nosmeinla's Book Shoppe.
 25970 | Orc:1    | Found Buqeisicw's Jewellery Shoppe.
 25973 | Orc:1    | Bought the macabre finger necklace {rN+} for 480 gold
                  | pieces
 25973 | Orc:1    | Bought the ring "Yneil" {Drain rN++ Str-4 Int+6 SInv} for
                  | 524 gold pieces
 25973 | Orc:1    | Found the macabre finger necklace {rN+}
 26002 | Orc:1    | Found a burning altar of Makhleb.
 26016 | Orc:1    | Found Zazidghax's Assorted Antiques.
 26016 | Orc:1    | Found Inen's Magic Scroll Shop.
 26113 | Orc:1    | Bought 3 scrolls of blinking for 270 gold pieces
 26136 | Orc:1    | Found Hizynik's Antique Armour Boutique.
 26291 | Orc:2    | Entered Level 2 of the Orcish Mines
 26380 | Orc:2    | Reached skill level 15 in Fighting
 26582 | Orc:2    | Found Iffirph's Antique Weapon Shoppe.
 26598 | Orc:2    | Found Faseusoxt's Weapon Emporium.
 26600 | Orc:2    | Found Ycegh's Assorted Antiques.
 26647 | Orc:2    | Found Koib Foepo's General Store.
 26883 | Orc:2    | Found a staircase to the Elven Halls.
 27030 | Orc:2    | Noticed Maurice
 27039 | Orc:2    | Killed Maurice
 27276 | Orc:1    | Bought a scroll of butterflies for 48 gold pieces
 27276 | Orc:1    | Bought a scroll of teleportation for 36 gold pieces
 27276 | Orc:1    | Bought a scroll of fog for 48 gold pieces
 27276 | Orc:1    | Bought a scroll of teleportation for 36 gold pieces
 27276 | Orc:1    | Bought a scroll of enchant armour for 90 gold pieces
 27276 | Orc:1    | Bought a scroll of teleportation for 36 gold pieces
 27299 | Orc:2    | Bought a scroll of fear for 52 gold pieces
 27299 | Orc:2    | Bought a potion of heal wounds for 65 gold pieces
 27299 | Orc:2    | Bought a scroll of teleportation for 39 gold pieces
 27305 | Orc:2    | Bought a potion of brilliance for 80 gold pieces
 27342 | Orc:1    | Bought a +6 ring of intelligence for 432 gold pieces
 27381 | Orc:2    | Bought a wand of digging (5) for 273 gold pieces
 27547 | Snake:1  | Entered Level 1 of the Snake Pit
 27586 | Snake:1  | Found Summ's Self-Improvement Boutique.
 27626 | Snake:1  | Found a transporter.
 27642 | Snake:1  | Found a transporter.
 27696 | Snake:1  | Found Waotet's Jewellery Emporium.
 27697 | Snake:1  | Found Gohapoin's Book Boutique.
 27698 | Snake:1  | Found Hopeo's Jewellery Emporium.
 27962 | Snake:1  | Bought the ring "Doloob" {Wiz rElec Int+2} for 819 gold
                  | pieces
 28466 | Snake:1  | Identified the ring of Sigo Wue {Fire rPois Str+3 Dex+2}
 28472 | Snake:1  | Identified the ring "Xoodehautz" {rPois Will- MP+9 Int+2
                  | Dex+3}
 28480 | Snake:1  | Identified the +0 scale mail of the Depths {rF+ Regen+
                  | Int-4 Slay+3}
 28845 | Snake:2  | Reached skill level 15 in Spellcasting
 28871 | Snake:2  | Found Pyenomm's Antique Armour Emporium.
 28964 | Snake:2  | Noticed Aizul
 28968 | Snake:2  | Killed Aizul
 29333 | Snake:2  | You are sucked into a shaft and drop 1 floor!
 29627 | Snake:3  | Reached XP level 18. HP: 137/139 MP: 0/0
 29636 | Snake:3  | Reached skill level 16 in Fighting
 31300 | Snake:4  | Entered Level 4 of the Snake Pit
 31491 | Snake:4  | Found a frozen archway.
 31526 | IceCv    | Entered an ice cave
 31939 | IceCv    | Slain by a golden dragon simulacrum

Illustrated notes

Levels and vault maps discovered:
D:1:      lemuel_arrival_tunnels, layout_basic, serial_shops, shop
D:2:      layout_basic, st_stairs_9
D:3:      layout_basic, demons_altar
D:4:      layout_basic, zin_treasury, minmay_temple_entry_arrows,
          corexii_hall_statues_l, minmay_misc_feat_pillars,
          corexii_hall_statues_deadend, grunt_ministairs_2,
          nicolae_elevator_lobby_plus, uniq_ijyb
D:5:      layout_loops_ring, gammafunk_ghost_icy
D:6:      layout_rooms
D:7:      layout_rooms, nicolae_ru_sacrificial_ziggurat,
          gammafunk_temple_overflow_elements, enter_bailey_5,
          dreamdust_princess_corridor, amcnicky_mini_corridor_feature
D:8:      layout_gridville, minivault_27
D:9:      layout_roguey, uniq_gastronok
D:10:     minmay_smoke_and_mirrors, layout_basic, uniq_lodul
D:11:     layout_irregular_city, david_lair_shrubbed, serial_shops, shop,
          ebering_ghost_funeral_grove, uniq_fannar
D:12:     layout_cave_pools, minmay_orc_entry_temple_small,
          serial_co_window_serial, co_window_paths_a, co_window_paths_a,
          co_window_of_opportunity_a, co_window_corner_a, co_window_corner_a,
          co_window_of_opportunity_a, co_window_corner_a,
          co_window_of_opportunity_a, co_window_paths_a, co_window_broadway_b,
          co_window_unsneaky_path_c, co_window_corner_b, co_window_broadway_c,
          co_window_unsneaky_path_d, co_window_corner_b, glass_columns_a
D:13:     layout_basic, erik_vaults_2, uniq_azrael
D:14:     evilmike_diamond_1, layout_loops_corners,
          chequers_serial_rivers_small_b, minmay_misc_feat_chi
D:15:     hangedman_depths_entry_civil_slaughter, layout_rooms, serial_curves,
          eino_curves_02, eino_curves_01, eino_curves_03, eino_curves_03,
          minmay_misc_feat_iff, nicolae_vehumet_altar_sigil, uniq_nessos
Lair:1:   beast_lair_carwin_large_4, layout_gridlike, enter_volcano_3,
          serial_bayou_pond_b, chequers_serial_rivers_micro_a,
          serial_bayou_shore_b, uniq_maggie
Lair:2:   dreamdust_isle_of_ice, layout_gridlike,
          minmay_shoals_entry_lonely_mermaid, guppyfry_snake_entry_island
Lair:3:   gammafunk_cloud_chamber, layout_regular_city, grunt_megastairs_5
Lair:4:   layout_gridlike, gauntlet_entry_generic, infiniplex_staircase_pool,
          grunt_megastairs_1
Lair:5:   grunt_lair_end_beastmaster, layout_cave_shapes,
          minmay_slime_entry_oklob_enclosed, nicolae_quartered_pool_little,
          bh_autumn_forest_stairs
Snake:1:  gammafunk_sealed_arena, layout_basic, nicolae_shop_self_help,
          minmay_shop_grove
Snake:2:  layout_chambers, serial_shops, shop, grunt_ministairs_1, uniq_aizul
Snake:3:  nrook_guardian_serpent_snake_passage, layout_grid_maze, st_stairs_6
Snake:4:  grunt_snake_rune_spirals, layout_onion,
          portal_ice_cave_entry_ice_statue_two, serial_shops, statue_bzr,
          st_stairs_7, nicolae_snake_salamander_jacuzzi
Orc:1:    layout_diamond_mine, basic_altar, serial_shops,
          nicolae_shop_behind_doors, shop, shop, shop,
          nicolae_shop_competitors_out_of_business
Orc:2:    st_orc_open, layout_caves, special_room, mines2_david, uniq_maurice
IceCv:    ice_cave_small_dragons

Skill      XL: |  1  2  3  4  5  6  7  8  9 10 11 12 13 14 15 16 17 18 |
---------------+-------------------------------------------------------+-----
Fighting       | 1 2 3 4 5 6 7 8 9 10 12 13 14 15 16 | 16.4
Spellcasting   | 4 5 6 7 8 9 10 11 12 13 14 15 | 15.8
Shields        | 1 2 3 4 5 7 8 9 |  9.3
Evocations     | 1 2 4 5 6 7 8 9 10 11 12 | 12.5
Invocations    | 1 3 4 5 |  5.0
Stealth        | 3 4 5 |  5.0
Short Blades   | 2 |  2.0
Armour         | 3 5 6 7 |  7.0
Dodging        | 4 5 6 7 |  7.0

Action                   |  1- 3 |  4- 6 |  7- 9 | 10-12 | 13-15 | 16-18 || total
-------------------------+-------+-------+-------+-------+-------+-------++-------
Melee: Dagger            |    16 |    41 |   214 |   326 |   421 |       ||  1018
       Spear             |       |    80 |     7 |       |       |       ||    87
       Headbutt          |       |       |     4 |       |     7 |       ||    11
       Trident           |       |       |       |       |    85 |   336 ||   421
Throw: Dart              |       |       |     3 |    15 |    21 |    10 ||    49
 Cast: Freeze            |    46 |    13 |       |       |       |       ||    59
       Frozen Ramparts   |       |    12 |    33 |    43 |    55 |    41 ||   184
       Ozocubu's Armour  |       |     4 |    17 |    43 |    58 |    44 ||   166
       Call Imp          |       |     2 |     1 |       |       |     1 ||     4
       Mephitic Cloud    |       |       |    15 |    21 |     4 |       ||    40
       Beastly Appendage |       |       |     3 |     2 |     2 |       ||     7
       Summon Ice Beast  |       |       |     3 |     5 |    24 |     4 ||    36
       Animate Armour    |       |       |     1 |     9 |    85 |    43 ||   138
       Passage of Golubr |       |       |       |       |     2 |       ||     2
       Eringya's Noxious |       |       |       |       |     8 |    27 ||    35
       Ozocubu's Refrige |       |       |       |       |       |   126 ||   126
Invok: Lesser Servant of |       |       |       |     8 |    14 |     3 ||    25
Evoke: Wand              |       |     4 |    10 |    13 |    26 |    38 ||    91
       Condenser vane    |       |       |       |     2 |     3 |     5 ||    10
       Tin of tremorston |       |       |       |       |     2 |     7 ||     9
       Lightning rod     |       |       |       |       |       |     1 ||     1
       Phantom mirror    |       |       |       |       |       |     1 ||     1
  Use: Scroll            |     3 |     2 |     8 |    14 |     8 |     7 ||    42
       Potion            |       |       |     1 |       |     6 |     6 ||    13
 Stab: Sleeping          |       |     4 |     1 |     2 |     2 |     4 ||    13
       Paralysed         |       |     3 |     6 |       |     7 |    18 ||    34
       Confused          |       |       |     6 |    10 |     1 |       ||    17
       Distracted        |       |       |       |     5 |     9 |     1 ||    15
       Petrified         |       |       |       |       |       |     1 ||     1
Armor: Leather armour    |    14 |       |    14 |    37 |       |       ||    65
       Robe              |       |    30 |    52 |       |       |       ||    82
       Troll leather arm |       |       |       |    76 |       |       ||    76
       Acid dragon scale |       |       |       |    25 |   257 |   240 ||   522
       Ice dragon scales |       |       |       |       |       |    21 ||    21
Dodge: Dodged            |    28 |    30 |   107 |   174 |   328 |   298 ||   965
Block: Buckler           |     2 |    17 |    34 |    79 |   170 |   258 ||   560
       Reflection        |       |       |       |       |     6 |    43 ||    49

Table legend: (Time is in decaauts)
 A = Elapsed time spent in this place.
 B = Non-inter-level travel time spent in this place.
 C = Inter-level travel time spent in this place.
 D = Time resting spent in this place.
 E = Time spent auto-exploring this place.
 F = Levels seen in this place.
 G = Mean time per level.
                   A        B        C        D        E       F      G
               +--------+--------+--------+--------+--------+-----+--------+
         Total |  32277 |  30050 |   2227 |    484 |  22387 |  31 | 1041.2 |
       Dungeon |  17669 |  16365 |   1304 |    158 |  12386 |  15 | 1177.9 |
          Lair |   6503 |   6065 |    438 |     64 |   4435 |   5 | 1300.6 |
     Snake Pit |   3976 |   3686 |    290 |     98 |   3064 |   4 |  994.0 |
  Orcish Mines |   1683 |   1489 |    194 |      0 |   1101 |   2 |  841.5 |
         Abyss |    516 |    516 |      0 |      6 |    273 |   1 |  516.0 |
        Bailey |    426 |    426 |      0 |      0 |    240 |   1 |  426.0 |
      Ice Cave |    436 |    436 |      0 |      0 |    263 |   1 |  436.0 |
       Volcano |    297 |    297 |      0 |      7 |    205 |   1 |  297.0 |
      Gauntlet |    768 |    768 |      0 |    151 |    420 |   1 |  768.0 |
               +--------+--------+--------+--------+--------+-----+--------+

Top non-repeatable levels by time:
    D:14: 2393 daAuts
  Lair:5: 1704 daAuts
 Snake:3: 1611 daAuts
  Lair:2: 1584 daAuts
    D:10: 1554 daAuts
    D:11: 1541 daAuts
    D:12: 1380 daAuts
    D:13: 1284 daAuts
  Lair:3: 1268 daAuts
 Snake:2: 1197 daAuts
     D:9: 1175 daAuts
     D:1: 1156 daAuts
   Orc:2: 1147 daAuts
     D:4: 1140 daAuts
  Lair:1: 1104 daAuts
